 Dungeon Crawl Stone Soup version 0.30-a0-883-g5ad918d77d (webtiles) character file.

Game seed: 3404805721663412671

98 pokedragonboy the Grasshopper (level 4, -6/40 HPs)
             Began as a Naga Warper on Mar 16, 2023.
             Mangled by a black bear (7 damage)
             ... on level 4 of the Dungeon.
             The game lasted 00:06:43 (2921 turns).

pokedragonboy the Grasshopper (Naga Warper)         Turns: 2921, Time: 00:06:44

Health: -6/40      AC:  5    Str: 17    XL:     4   Next: 69%
Magic:  7/7        EV:  7    Int: 15    God:
Gold:   85         SH:  0    Dex: 10    Spells: 2/7 levels left

rFire   . . .      SeeInvis +    a - +0 spear
rCold   . . .      Faith    +    (no shield)
rNeg    . . .      Spirit   .    v - +1 scale mail "Puulagud" {Rampage Str+3}
rPois   +          Reflect  .    (no helmet)
rElec   .          Rampage  +    (no cloak)
rCorr   .                        (no gloves)
Will    .....                    (no barding) Stlth
                                 h - amulet of faith
HPRegen 0.26/turn                (no ring)
MPRegen 0.10/turn                (no ring)

@: short of breath, very slow
A: AC +1, large, see invisible, deformed body, poison resistance, slowness 2,
spit poison 1, naga tail 1
a: Spit Poison


You were on level 4 of the Dungeon.
You visited 1 branch of the dungeon, and saw 4 of its levels.

You collected 85 gold pieces.

Inventory:

Hand Weapons
 a - a +0 spear (weapon)
Missiles
 d - 7 boomerangs of dispersal
Armour
 b - a +0 leather armour
 r - a scarf of shadows
 v - the +1 scale mail "Puulagud" (worn) {Rampage Str+3}
   (You found it on level 3 of the Dungeon)

   Str:       It affects your strength (+3).
   Rampage:   It bestows one free step when moving towards enemies.
 w - an orb of energy
Magical Staves
 j - a staff of fire
Jewellery
 h - an amulet of faith (around neck)
 q - a ring of flight
Scrolls
 c - 2 scrolls of blinking
 e - a scroll of magic mapping
 f - 2 scrolls of teleportation
 g - 6 scrolls of identify {unknown}
 k - a scroll of noise {unknown}
 m - a scroll of amnesia {unknown}
 o - 3 scrolls of enchant armour {unknown}
 s - a scroll of poison {unknown}
Potions
 i - a potion of might {unknown}
 l - 6 potions of curing {unknown}
 n - 3 potions of mutation {unknown}
 p - a potion of cancellation {unknown}
 t - a potion of ambrosia {unknown}
 u - a potion of haste {unknown}


   Skills:
 + Level 2.9 Fighting
 + Level 2.9 Polearms
 - Level 0.8 Throwing
 - Level 0.7 Armour
 + Level 2.3 Dodging
 - Level 2.0 Spellcasting
 + Level 3.6 Translocations


You had 2 spell levels left.
You knew the following spells:

 Your Spells              Type           Power      Damage    Failure   Level
b - Teleport Other        Tloc           12%        N/A       47%         3
m - Blink                 Tloc           24%        N/A       26%         2

Your spell library contained the following spells:

 Spells                   Type           Power      Damage    Failure   Level
 Lesser Beckoning         Tloc           24%        N/A       26%         2
 Momentum Strike          Conj/Tloc      12%        3d8       50%         2
 Vhi's Electric Charge    Tloc/Air       12%        N/A       75%         3
 Manifold Assault         Tloc           12%        N/A       87%         4


Dungeon Overview and Level Annotations

Branches:
Dungeon (4/15)
 Temple: D:4-7

Altars:

Shops:
D:2 !:**


Innate Abilities, Weirdness & Mutations

Your serpentine skin is tough. (AC +1)
You have supernaturally acute eyesight. (SInv)
Armour fits poorly on your strangely shaped body.
Your system is resistant to poisons. (rPois)
You cover ground very slowly.
You can spit poison.
You have a snake-like lower body.


Message History

You hit the black bear.
The black bear is heavily wounded.
The black bear barely misses you. The black bear claws you.
The black bear claws you but does no damage.
You closely miss the black bear.
The black bear is heavily wounded.
The black bear looks more healthy.
The black bear barely misses you. The black bear closely misses you. x2
Aiming: Spit Poison (1% risk of failure)
Press: ? - help, Shift-Dir - straight line, f/p - black bear
Aim: a black bear (heavily wounded, 70% to hit)
The splash of poison misses the black bear.
The black bear bites you but does no damage.
The black bear claws you. The black bear completely misses you.
You hit the black bear.
The black bear is severely wounded.
The black bear bites you.
The black bear claws you but does no damage.
The black bear claws you.
You hit the black bear.
The black bear is almost dead.
You have got your breath back.
The black bear goes berserk!
Aiming: Spit Poison (1% risk of failure)
Press: ? - help, Q - select action, (/) - cycle Shift-Dir - straight line, f/p - black bear
Aim: a black bear (almost dead, berserk, 70% to hit)
The splash of poison hits the black bear!
The black bear is almost dead.
The black bear barely misses you.
The black bear claws you but does no damage.
The black bear claws you.
Unknown command.
You closely miss the black bear.
The black bear is almost dead.
The black bear bites you!
* * * LOW HITPOINT WARNING * * *
The black bear claws you.
* * * LOW HITPOINT WARNING * * *
The black bear closely misses you. The black bear bites you!
You die...

#.#.# ....#. ..... .....
.#.#.#. #.#.# .....
........ #.#.# ...#
###.......
###.#.###...#.#...#.#...
#............... ......
#.#.#.......... ..##.. #
#.#..........>. #..
#.#.###.h@.#.##.## #..
###.#.###....†...... #..
..#≈#............#.#.#.#
..... ..#≈#...#.###.##.#
.. #.###. ...≈....#.#
#.##.# #.... . #.
..~....#.# #.##.#
...##.#####. .~....#.#
#..... ............
###...#.# #.####
#..##..# #. #....#.###.#
#..##..####.


You could see a black bear (berserk).

Vanquished Creatures
  2 adders
  3 worms
  3 dart slugs
  An orc (D:3)
  5 endoplasms
  2 giant cockroaches
  9 goblins
  4 hobgoblins
  3 jackals (D:1)
  A quokka (D:3)
  4 ball pythons
  6 bats
  3 frilled lizards
  10 kobolds
  3 rats
  A spectral hobgoblin (D:2)
60 creatures vanquished.

Notes
Turn   | Place    | Note
-------+----------+-------------------------------------------
     0 | D:1      | pokedragonboy the Naga Warper began the quest for the Orb.
     0 | D:1      | Reached XP level 1. HP: 19/19 MP: 3/3
   136 | D:1      | Reached XP level 2. HP: 26/26 MP: 5/5
   675 | D:1      | Reached XP level 3. HP: 19/33 MP: 6/6
  1121 | D:2      | Found Ivvoej's Assorted Antiques.
  1151 | D:2      | Found Extipn's Book Emporium.
  1171 | D:2      | Found Peito's Distillery.
  1220 | D:2      | Learned a level 2 spell: Blink
  1224 | D:2      | Learned a level 3 spell: Teleport Other
  1322 | D:2      | Found a faded altar of an unknown god.
  1419 | D:2      | Found Ekuicem's General Store.
  1938 | D:3      | Reached XP level 4. HP: 27/39 MP: 7/7
  2297 | D:3      | Identified the +1 scale mail "Puulagud" {Rampage Str+3}
  2905 | D:4      | Noticed a black bear
  2921 | D:4      | HP: 1/40 [black bear (5)]
  2921 | D:4      | Mangled by a black bear

Illustrated notes

Levels and vault maps discovered:
D:1:      dpeg_arrival_simpleton_a, layout_loops_ring,
          minmay_misc_feat_ornament, chequers_serial_rivers_small_3
D:2:      layout_basic, serial_shops, shop, nicolae_shop_overgrown_old_shop,
          nicolae_shop_hallway_plus, nicolae_diamond_shop,
          dreamdust_ecumenical_altar_drowned_temple
D:3:      layout_basic, feat_on_display
D:4:      layout_basic, minmay_temple_entry_large_hall,
          chequers_serial_rivers_micro_b

Skill      XL: |  1  2  3 |
---------------+----------+-----
Dodging        | 2 |  2.3
Fighting       | |  2.9
Polearms       | |  2.9
Throwing       | |  0.8
Armour         | |  0.7
Spellcasting   | |  2.0
Translocations | |  3.6

Action                     |  1- 3 |  4- 6 || total
---------------------------+-------+-------++-------
  Melee: Spear             |   167 |   103 ||   270
         Punch             |       |     1 ||     1
Ability: Spit Poison       |     4 |     7 ||    11
    Use: Scroll            |     2 |       ||     2
   Stab: Sleeping          |     1 |       ||     1
 Armour: Leather armour    |    40 |    26 ||    66
         Scale mail        |       |    21 ||    21
  Dodge: Dodged            |    58 |    51 ||   109

Table legend: (Time is in decaauts)
 A = Elapsed time spent in this place.
 B = Non-inter-level travel time spent in this place.
 C = Inter-level travel time spent in this place.
 D = Time resting spent in this place.
 E = Time spent auto-exploring this place.
 F = Levels seen in this place.
 G = Mean time per level.
                   A        B        C        D        E       F      G
               +--------+--------+--------+--------+--------+-----+--------+
         Total |   3634 |   3533 |    101 |    516 |   2429 |   4 |  908.5 |
       Dungeon |   3634 |   3533 |    101 |    516 |   2429 |   4 |  908.5 |
               +--------+--------+--------+--------+--------+-----+--------+

Top non-repeatable levels by time:
     D:1: 1266 daAuts
     D:2: 1138 daAuts
     D:3: 944 daAuts
     D:4: 285 daAuts
